 Dungeon Sprint DCSS version 0.31-a0-256-g80acddb972 (webtiles) character file.

Game seed: 15689657486998633475

8687 Conn the Scorcher (level 11, -4/96 HPs)
             Began as an Octopode Fire Elementalist on July 13, 2023.
             Was a High Priest of Sif Muna.
             Engulfed by a cloud of foul pestilence (12 damage)
             ... in the Dungeon (Sprint II: "The Violet Keep of Menkaure").
             The game lasted 00:23:35 (2082 turns).

Conn the Scorcher (Octopode Fire Elementalist)      Turns: 2082, Time: 00:23:35

Health: -4/96      AC: 25    Str: 14    XL:     11   Next: 34%
Magic:  6/48       EV:  2    Int: 32    God:    Sif Muna [*****.]
Gold:   18         SH:  0    Dex: 12    Spells: 16/40 levels left

rFire   . . .        w - staff of earth
rCold   . . .        (no shield)
rNeg    + . .        (helmet currently unavailable)
rPois   +            (no amulet)
rElec   .            o - +6 ring of intelligence
rCorr   .            q - ring of magical power
SInv    +            u - ring of willpower
Will    +....        b - ring of Dishonesty {rN+ MP+9 Str+6 Int+4 SInv}
Stlth   +++          (no ring)
HPRegen 0.36/turn    (no ring)
MPRegen 0.31/turn    (no ring)
                     (no ring)

%: no teleportation
@: tree-form, slowed, very slow
A: stationary, stasis, torment immunity, boosted hp, almost no armour,
(amphibious), 8 rings, (camouflage 1), (gelatinous body 1), (nimble swimmer 1),
(tentacles), (fire resistance 1), MP-powered wands
a: Renounce Religion, Channel Magic, Forget Spell, Divine Exegesis


You were in the Dungeon.
You worshipped Sif Muna.
Sif Muna was extremely pleased with you.
You were a tree.
You visited 1 branch You collected 1461 gold pieces.
You spent 1443 gold pieces at shops.

Inventory:

Magical Staves
 w - a staff of earth (weapon)
Jewellery
 b - the ring of Dishonesty (on tentacle) {rN+ MP+9 Str+6 Int+4 SInv}
   (You bought it in a shop in the Dungeon)

   [ring of strength]

   Str:       It affects your strength (+6).
   Int:       It affects your intelligence (+4).
   rN:        It protects you from negative energy.
   MP:        It affects your magic capacity (+9).
   SInv:      It lets you see invisible.
 o - a +6 ring of intelligence (left branch)
 q - a ring of magical power (right branch)
 u - a ring of willpower (on tentacle)
Scrolls
 f - a scroll of blinking
 h - a scroll of vulnerability
 i - a scroll of revelation
 l - a scroll of silence
 n - 2 scrolls of enchant weapon
 s - a scroll of enchant armour
Potions
 a - 6 potions of magic
 d - a potion of brilliance {unknown}
 g - 4 potions of enlightenment
 m - 3 potions of resistance


   Skills:
 + Level 2.2 Fighting
 + Level 6.2 Dodging
 - Level 7.2 Stealth
 - Level 2.1 Unarmed Combat
 + Level 15.1 Spellcasting
 + Level 8.9 Conjurations
 + Level 4.0 Hexes
 + Level 15.4 Fire Magic
 * Level 5.1 Air Magic
 * Level 9.5 Invocations


You had 16 spell levels left.
You knew the following spells:

 Your Spells              Type           Power      Damage    Failure   Level
a - Foxfire               Conj/Fire      100%       2x1d9     0%          1
b - Scorch                Fire           100%       2d9       0%          2
c - Inner Flame           Hex/Fire       72%        N/A       1%          3
d - Flame Wave            Conj/Fire      80%        2d17      1%          4
e - Stone Arrow           Conj/Erth      100%       3d13      1%          3
f - Mephitic Cloud        Conj/Pois/Air  52%        N/A       1%          3
g - Call Imp              Summ           48%        N/A       2%          2
h - Plasma Beam           Fire/Air       37%        2x1d50    4%          6

Your spell library contained the following spells:

 Spells                   Type           Power      Damage    Failure   Level
 Magic Dart               Conj           100%       1d8       1%          1
 Sandblast                Erth           72%        2d16      1%          1
 Shock                    Conj/Air       100%       1d9       1%          1
 Volatile Blastmotes      Fire/Tloc      100%       2d18      1%          3
 Passwall                 Tmut/Erth      30%        N/A       2%          2
 Sublimation of Blood     Necr           24%        N/A       2%          2
 Silence                  Hex/Air        26%        N/A       8%          5
 Animate Dead             Necr           24%        N/A       19%         4


Dungeon Overview and Level Annotations

Branches:
Dungeon (1/1)

Altars:
Cheibriados
Dithmenos
Elyvilon
Fedhas
Gozag
Hepliaklqana
Kikubaaqudgha
Makhleb
Nemelex Xobeh
Okawaru
Qazlal
Ru
Sif Muna
Trog
Uskayaw
Vehumet
Wu Jian
Xom
Yredelemnul
Zin
The Shining One
Jiyva
Lugonu

Shops:
D =[:!=(!=[!?:=[[

Annotations:
D exclusions: oklob plant and orange crystal statue


Innate Abilities, Weirdness & Mutations

You are a tree.
Your roots penetrate the ground, keeping you stationary.
You cannot be teleported.
You are immune to unholy pain and torment.
Your maximum health is greatly increased.
You cannot wear most types of armour.
((You are amphibious.))
You can wear up to eight rings at the same time.
((Your skin changes colour to match your surroundings (Stealth+).))
((Your rubbery body absorbs attacks. (AC +1, EV +1)))
((You are camouflaged when in or above water. (Stealth+)))
((You have tentacles for arms and can constrict up to eight enemies at once.))
((Your flesh is heat resistant. (rF+)))
You expend magic power (3 MP) to strengthen your wands.


Message History

The elephant is engulfed in dark miasma.
The elephant looks even sicker.
The elephant seems to slow down.
The elephant dies!
Your Hexes skill increases to level 4!
Your Air Magic skill increases to level 5!
Casting: Flame Wave (safe; 1% risk of failure)
Confirm with . or Enter, or press ? or * to list all spells.
Casting: Plasma Beam (dangerous; 4% risk of failure)
Press: ? - help, Dir - look around, f - activate Look: a flying skull (moderately damaged, 2x36% to hit)
Okay, then.
Unknown command.
Okay, then.
Okay, then.
Unknown command.
Unknown command.
Okay, then.
Unknown command.
Unknown command.
Unknown command.
Unknown command.
Unknown command.
Casting: Plasma Beam (dangerous; 4% risk of failure)
Confirm with . or Enter, or press ? or * to list all spells.
Casting: Plasma Beam (dangerous; 4% risk of failure)
Press: ? - help, Dir - look around, f - activate The bolt of lightning hits the flying skull.
The flying skull completely resists.
The flying skull is heavily damaged.
The bolt of lightning hits the flying skull.
The flying skull resists.
The flying skull is lightly damaged.
The bolt of lightning misses the flying skull.
The fiery plasma hits the flying skull!
The flying skull resists.
The flying skull is almost destroyed.
The fiery plasma hits the flying skull.
The flying skull completely resists.
The flying skull is lightly damaged.
The fiery plasma misses the flying skull.
You are engulfed in dark miasma.
You die...

####+#### ##°......##
##°°.......## ▓▓ +°.○°°°.○...# +.
. ###°°°°○.... ^.## #°
l..§##°.zzz○ ...###.
##########~~#'§z#+++## ...#!##
#########~~§§)zzz....# ..#○○#
........#~~~lc##♣##..# #.#9○#
....⌠...#~~~5##.☼.##.#### +.##9#
...∩.∩..#~~~~#..#..#....# #.○k##
..∩.∩...#~~####.).####..#####○.##
.∩.∩.∩.∩#~##.###'###.##..#).○^.#.
∩.∩...∩.#~#...##.##.#.#..#..#..#.
.∩.....∩'~'.##'.<.'###'..####.^##
∩.......#~#...##.##.#.#....###...
▓▓▓▓▓▓###~##.###'###.##.....§~~~~


You could see 7 flying skulls.

Vanquished Creatures
  A great orb of eyes (D)
  A centaur warrior (D)
  A death drake (D)
  A skeletal warrior (D)
  2 deep trolls (D)
  A merfolk siren (D)
  A kobold demonologist (D)
  A yaktaur (D)
  3 polar bears (D)
  A hornet (D)
  4 flying skulls (D)
  4 wyverns (D)
  4 neqoxecs (D)
  4 water moccasins (D)
  2 swamp drakes (D)
  4 necrophages (D)
  A hell rat (D)
36 creatures vanquished.

Vanquished Creatures (others)
  Kirke (D)
  An elephant (D)
  Menkaure (D)
  A water moccasin (D)
  95 foxfires (D)
  27 tentacles (D)
126 creatures vanquished.

Grand Total: 162 creatures vanquished

Notes
Turn   | Place    | Note
-------+----------+-------------------------------------------
     0 | D        | Conn the Octopode Fire Elementalist began the quest for the
                  | Orb.
     0 | D        | Reached XP level 1. HP: 11/11 MP: 3/3
     1 | D        | Noticed a necrophage
     1 | D        | Noticed a necrophage
     1 | D        | Noticed a necrophage
     1 | D        | Noticed a necrophage
     8 | D        | Killed a necrophage
     9 | D        | Reached XP level 2. HP: 17/17 MP: 1/6
     9 | D        | Reached XP level 3. HP: 21/21 MP: 1/8
     9 | D        | Reached XP level 4. HP: 27/27 MP: 1/9
    10 | D        | Killed a necrophage
    11 | D        | Reached skill level 1 in Unarmed Combat
    11 | D        | Reached XP level 5. HP: 31/31 MP: 1/11
    14 | D        | Reached skill level 5 in Stealth
    20 | D        | Reached skill level 5 in Spellcasting
    20 | D        | Reached XP level 6. HP: 26/36 MP: 2/13
    25 | D        | Killed a water moccasin
    34 | D        | Learned a level 2 spell: Scorch
    38 | D        | Learned a level 3 spell: Inner Flame
    43 | D        | Learned a level 4 spell: Flame Wave
    43 | D        | Noticed a merfolk siren
    46 | D        | Killed a merfolk siren
    47 | D        | Reached skill level 5 in Dodging
    47 | D        | Reached skill level 10 in Fire Magic
    47 | D        | Reached XP level 7. HP: 31/42 MP: 1/17
    59 | D        | Noticed a flying skull
    59 | D        | Noticed a flying skull
    59 | D        | Noticed a flying skull
    60 | D        | Noticed a flying skull
    60 | D        | Noticed a flying skull
    60 | D        | Noticed a flying skull
    61 | D        | Noticed a flying skull
    61 | D        | Noticed a flying skull
    64 | D        | Noticed a flying skull
    64 | D        | Noticed a flying skull
    64 | D        | Killed Menkaure
    65 | D        | Noticed a flying skull
    66 | D        | Noticed a flying skull
    68 | D        | Found Idocwer's Armour Shoppe.
    68 | D        | Found Zuxtykiu's Antique Armour Emporium.
    77 | D        | Noticed a wyvern
    83 | D        | Found a snail-covered altar of Cheibriados.
    84 | D        | Found a shadowy altar of Dithmenos.
    84 | D        | Found a viscous altar of Jiyva.
    85 | D        | Found a white marble altar of Elyvilon.
    85 | D        | Found an ancient bone altar of Kikubaaqudgha.
    86 | D        | Found a blossoming altar of Fedhas.
    86 | D        | Found a corrupted altar of Lugonu.
    86 | D        | Found a shimmering blue altar of Sif Muna.
    87 | D        | Found an opulent altar of Gozag.
    87 | D        | Found a burning altar of Makhleb.
    87 | D        | Found a bloodstained altar of Trog.
    87 | D        | Found a hazy altar of Hepliaklqana.
    87 | D        | Found a sacrificial altar of Ru.
    87 | D        | Found a shimmering altar of Xom.
    88 | D        | Found a sparkling altar of Nemelex Xobeh.
    88 | D        | Found a hide-covered altar of Uskayaw.
    89 | D        | Found a basalt altar of Yredelemnul.
    90 | D        | Found an iron altar of Okawaru.
    90 | D        | Found a radiant altar of Vehumet.
    90 | D        | Found a glowing silver altar of Zin.
    91 | D        | Found a stormy altar of Qazlal.
    91 | D        | Found an ornate altar of the Wu Jian Council.
    91 | D        | Found a glowing golden altar of the Shining One.
    97 | D        | Became a worshipper of Sif Muna the Loreminder
   111 | D        | Noticed a kraken
   234 | D        | Learned a level 3 spell: Stone Arrow
   286 | D        | Gained mutation: Your flesh is heat resistant. (rF+)
                  | [potion of mutation]
   286 | D        | Gained mutation: You expend magic power (3 MP) to
                  | strengthen your wands. [potion of mutation]
   286 | D        | Gained mutation: You are agile. (Dex +4, Str/Int -1)
                  | [potion of mutation]
   336 | D        | Reached skill level 5 in Conjurations
   336 | D        | Reached skill level 1 in Invocations
   340 | D        | Reached skill level 1 in Fighting
   340 | D        | Reached XP level 8. HP: 48/48 MP: 15/20
   342 | D        | Reached * piety under Sif Muna
   519 | D        | Noticed a flying skull
   519 | D        | Noticed a flying skull
   519 | D        | Noticed a flying skull
   519 | D        | Noticed a flying skull
   523 | D        | Noticed a deep troll
   523 | D        | Noticed a deep troll
   527 | D        | Noticed a flying skull
   527 | D        | Noticed a flying skull
   539 | D        | Killed a deep troll
   540 | D        | Reached skill level 10 in Spellcasting
   720 | D        | Killed a deep troll
   721 | D        | Reached skill level 5 in Invocations
   721 | D        | Reached XP level 9. HP: 53/53 MP: 20/24
   761 | D        | Noticed an orange crystal statue
   788 | D        | Noticed a yaktaur
   788 | D        | Noticed a hornet
   788 | D        | Noticed a polar bear
   789 | D        | Noticed a polar bear
   795 | D        | Killed a polar bear
   795 | D        | Reached ** piety under Sif Muna
   796 | D        | Killed a hornet
  1016 | D        | Killed a yaktaur
  1049 | D        | Noticed a polar bear
  1069 | D        | Killed a polar bear
  1069 | D        | Killed a polar bear
  1069 | D        | Reached *** piety under Sif Muna
  1070 | D        | Reached skill level 1 in Hexes
  1264 | D        | Noticed a death drake
  1275 | D        | Killed a death drake
  1276 | D        | Reached XP level 10. HP: 18/59 MP: 16/27
  1507 | D        | Reached **** piety under Sif Muna
  1535 | D        | Lost mutation: You are agile. (Dex +4, Str/Int -1) [a
                  | neqoxec]
  1536 | D        | Reached ***** piety under Sif Muna
  1539 | D        | Received a gift from Sif Muna
  1540 | D        | Got Sif Muna's Teachings on Clouds and Despicable Rituals
                  | {god gift}
  1555 | D        | Found Coxaunk's Jewellery Shoppe.
  1556 | D        | Found Meipe's Book Emporium.
  1557 | D        | Found Learghyf's Distillery.
  1558 | D        | Found Omoem's Antique Armour Shoppe.
  1558 | D        | Found Weavaoz's Magic Scroll Shoppe.
  1558 | D        | Found Zeicih's Jewellery Emporium.
  1566 | D        | Found Xumpola's Distillery.
  1566 | D        | Found Bankoeni's Antique Weapon Emporium.
  1566 | D        | Noticed a cane toad
  1570 | D        | Found Bynamusm's Jewellery Shoppe.
  1570 | D        | Found Nuvapp's Distillery.
  1570 | D        | Noticed a cane toad
  1570 | D        | Noticed an oklob plant
  1586 | D        | Found Socza's Antique Armour Shoppe.
  1586 | D        | Found Aroang's Jewellery Emporium.
  1586 | D        | Found Omokhih's Book Shoppe.
  1615 | D        | Bought a book of Minor Magic for 198 gold pieces
  1619 | D        | Learned a level 3 spell: Mephitic Cloud
  1622 | D        | Learned a level 2 spell: Call Imp
  1629 | D        | Learned a level 6 spell: Plasma Beam
  1630 | D        | Bought the ring of Dishonesty {rN+ MP+9 Str+6 Int+4 SInv}
                  | for 1023 gold pieces
  1637 | D        | Noticed an unseen horror
  1639 | D        | Noticed an unseen horror
  1646 | D        | Bought a potion of heal wounds for 60 gold pieces
  1646 | D        | Bought a potion of heal wounds for 60 gold pieces
  1689 | D        | Noticed a great orb of eyes
  1696 | D        | Killed a great orb of eyes
  1697 | D        | Reached skill level 1 in Air Magic
  1839 | D        | Noticed a death drake
  1839 | D        | Noticed a crystal guardian
  1848 | D        | HP: 2/59 [poisoned by a death drake (foul vapour)]
  1867 | D        | Bought a potion of lignification for 42 gold pieces
  1873 | D        | Bought a potion of curing for 30 gold pieces
  1873 | D        | Bought a potion of curing for 30 gold pieces
  2057 | D        | Noticed Kirke
  2057 | D        | Noticed a skeletal warrior
  2057 | D        | Noticed a kobold demonologist
  2063 | D        | Noticed a centaur warrior
  2065 | D        | Noticed an elephant
  2077 | D        | Killed Kirke
  2078 | D        | Killed a kobold demonologist
  2078 | D        | Killed a centaur warrior
  2078 | D        | Received a gift from Sif Muna
  2078 | D        | Killed a skeletal warrior
  2078 | D        | Noticed a yaktaur captain
  2079 | D        | Reached skill level 15 in Spellcasting
  2079 | D        | Reached skill level 15 in Fire Magic
  2079 | D        | Reached XP level 11. HP: 11/64 MP: 11/30
  2082 | D        | Reached skill level 5 in Air Magic
  2082 | D        | Engulfed by a cloud of foul pestilence

Illustrated notes

Levels and vault maps discovered:
D:        the_violet_keep_of_menkaure [sprint2_stairs_cluster_1,
          sprint2_shoproom, sprint2_temple, sprint2_basic_supplies,
          sprint2_obstacle_5, sprint2_obstacle_4, sprint2_obstacle_1,
          sprint2_obstacle_7, sprint2_obstacle_3, sprint2_timed_cluster_1,
          sprint2_smallroom_cluster_1, sprint2_smallroom_final_cluster_1,
          sprint2_transparent_cluster_1, sprint2_second_timed_cluster_1,
          sprint2_sniper_area_1, sprint2_heavy_combat_area_1,
          sprint2_mutation_trap_area_1, sprint2_forest_area_1,
          sprint2_light_combat_area_1, sprint2_behind_water_1,
          sprint2_near_end_vault_1]

Skill      XL: |  1  2  3  4  5  6  7  8  9 10 11 |
---------------+----------------------------------+-----
Dodging        | 3 4 5 6 |  6.2
Stealth        | 4 6 7 |  7.2
Spellcasting   | 3 4 5 7 8 11 13 15 | 15.1
Fire Magic     | 6 7 9 10 11 12 13 15 | 15.4
Unarmed Combat | 1 2 |  2.1
Conjurations   | 4 5 6 7 8 |  8.9
Invocations    | 2 5 6 9 |  9.5
Fighting       | 1 2 |  2.2
Hexes          | 1 3 4 |  4.0
Air Magic      | 4 5 |  5.1

Action                     |  1- 3 |  4- 6 |  7- 9 | 10-12 || total
---------------------------+-------+-------+-------+-------++-------
  Melee: Unarmed           |     3 |    10 |     2 |       ||    15
         Tentacles         |     1 |     4 |     2 |       ||     7
         Constrict         |     1 |     2 |       |       ||     3
         Punch             |       |     1 |       |       ||     1
   Cast: Foxfire           |     2 |     1 |    46 |    17 ||    66
         Scorch            |       |     1 |    35 |    13 ||    49
         Inner Flame       |       |     1 |     5 |    10 ||    16
         Flame Wave        |       |       |     6 |     5 ||    11
         Mephitic Cloud    |       |       |       |     1 ||     1
         Plasma Beam       |       |       |       |     1 ||     1
    Use: Potion            |     1 |       |    11 |     5 ||    17
         Scroll            |       |       |     7 |     3 ||    10
 Armour: Skin              |       |       |       |    16 ||    16
  Dodge: Dodged            |       |       |    22 |     6 ||    28

Table legend: (Time is in decaauts)
 A = Elapsed time spent in this place.
 B = Non-inter-level travel time spent in this place.
 C = Inter-level travel time spent in this place.
 D = Time resting spent in this place.
 E = Time spent auto-exploring this place.
 F = Levels seen in this place.
 G = Mean time per level.
                   A        B        C        D        E       F      G
               +--------+--------+--------+--------+--------+-----+--------+
         Total |   2051 |   2051 |      0 |   1052 |      0 |   1 | 2051.0 |
       Dungeon |   2051 |   2051 |      0 |   1052 |      0 |   1 | 2051.0 |
               +--------+--------+--------+--------+--------+-----+--------+

Top non-repeatable levels by time:
       D: 2051 daAuts
